AoeStats
← a.l.a.n.t

QS Arena

503267228Analyzed
4v4 RM · 1mo ago on Aug 30, 2026· 51m 5s· 8 players
Game mode
Random Map
Map size
Large (8 player)
Population
200
Speed
Normal
Resources
Standard
Victory
Conquest
Starting age
Dark Age
Ending age
Imperial Age
RankedLock teamsTeams togetherTeam positionsShared explorationLock speedFull tech treeHidden civsTurbo modeCheats
Victory
Defeat
🇪🇸 Franks · Spain
1346
+16
🇹🇷 Goths · Türkiye
1334
+16
🇸🇰 Teutons · Slovakia
1297
+18
🇬🇧 Dravidians · United Kingdom
1283
+18
🇵🇹 Armenians · Portugal
1464
-22
🇵🇹 Romans · Portugal
1361
-18
🇵🇹 Cumans · Portugal
1297
-15
🇵🇹 Khmer · Portugal
1223
-12
a.l.a.n.t
8:18 Feudal Age
10:15 Wheelbarrow
12:31 Castle Age
10:32 Double-Bit Axe
13:59 Bow Saw
18:35 Town Watch
19:03 Horse Collar
27:44 Imperial Age
27:52 Imperial Age
26:04 Fletching
26:15 Padded Archer Armor
27:10 Bodkin Arrow
27:53 Ballistics
30:04 Chemistry
29:52 Bracer
29:27 Elite Elephant Archer
33:20 Thumb Ring
34:15 Leather Archer Armor
35:49 Medical Corps
38:58 Ring Archer Armor
51:10 Caravan
N3znamy
5:03 Loom
8:25 Feudal Age
13:25 Castle Age
12:58 Double-Bit Axe
20:31 Town Watch
22:07 Horse Collar
24:51 Fletching
25:27 Bodkin Arrow
25:36 Gold Mining
27:49 Bow Saw
30:51 Imperial Age
29:05 Wheelbarrow
28:39 Stone Mining
29:34 Scale Barding Armor
29:40 Forging
29:47 Bloodlines
32:31 Chemistry
31:57 Conscription
31:04 Cavalier
33:51 Iron Casting
34:15 Paladin
35:49 Chain Barding Armor
35:30 Scale Mail Armor
36:18 Onager
37:44 Stone Shaft Mining
37:54 Ironclad
39:10 Plate Barding Armor
39:36 Blast Furnace
39:02 Pikeman
39:43 Squires
39:26 Halberdier
40:08 Squires
43:14 Siege Onager
44:43 Chain Mail Armor
44:24 Capped Ram
YOU XXX
8:29 Feudal Age
10:59 Double-Bit Axe
13:27 Castle Age
13:01 Scale Barding Armor
14:07 Forging
20:46 Wheelbarrow
19:57 Loom
21:07 Town Watch
23:07 Chain Barding Armor
24:40 Gold Mining
24:41 Stone Mining
27:32 Bow Saw
28:01 Gold Shaft Mining
30:50 Imperial Age
29:41 Iron Casting
31:00 Fortified Wall
30:58 Husbandry
31:07 Cavalier
32:26 Plate Barding Armor
41:48 Padded Archer Armor
42:57 Blast Furnace
42:47 Padded Archer Armor
44:43 Chemistry
44:03 Ballistics
44:35 Hand Cart
49:30 Coinage
49:18 Leather Archer Armor
51:09 Chivalry
50:44 Light Cavalry
RifRaf
0:26 Loom
7:57 Feudal Age
8:00 Man-at-Arms
8:27 Double-Bit Axe
8:23 Horse Collar
11:00 Scale Mail Armor
21:21 Town Watch
23:16 Wheelbarrow
28:42 Castle Age
27:17 Forging
28:08 Gold Mining
28:44 Pikeman
29:24 Squires
29:41 Chain Mail Armor
30:01 Iron Casting
29:09 Long Swordsman
39:10 Hand Cart
41:59 Imperial Age
42:49 Bow Saw
42:02 Two-Handed Swordsman
43:43 Blast Furnace
43:25 Heavy Plow
44:09 Stone Mining
43:46 Champion
48:46 Town Patrol
50:25 Chemistry
Lithium
6:51 Feudal Age
8:26 Loom
18:52 Double-Bit Axe
19:09 Horse Collar
23:46 Castle Age
22:52 Scale Barding Armor
22:57 Forging
23:36 Bloodlines
24:57 Wheelbarrow
24:38 Bow Saw
24:30 Heavy Plow
25:16 Chain Barding Armor
26:13 Iron Casting
25:17 Capped Ram
28:41 Gold Mining
42:24 Imperial Age
42:16 Scale Mail Armor
42:31 Pikeman
42:59 Onager
43:30 Halberdier
44:41 Siege Onager
46:50 Chemistry
phlyp
7:13 Feudal Age
5:31 Loom
12:53 Castle Age
12:19 Double-Bit Axe
22:35 Town Watch
26:00 Bow Saw
30:18 Imperial Age
28:19 Squires
29:02 Scale Mail Armor
29:10 Horse Collar
30:45 Ballistas
30:04 Pikeman
31:21 Chain Mail Armor
31:32 Halberdier
33:22 Conscription
33:24 Heavy Scorpion
Guilhaz
5:53 Loom
8:34 Feudal Age
13:04 Castle Age
11:51 Double-Bit Axe
11:49 Horse Collar
13:42 Gold Mining
16:45 Scale Barding Armor
19:40 Bow Saw
23:02 Wheelbarrow
24:03 Heavy Plow
24:16 Stone Mining
26:26 Hand Cart
25:58 Town Watch
28:23 Stone Shaft Mining
31:19 Imperial Age
28:53 Husbandry
29:03 Bloodlines
30:09 Chain Barding Armor
30:00 Forging
31:32 Gold Shaft Mining
32:26 Iron Casting
32:41 Plate Barding Armor
31:30 Elite Battle Elephant
39:56 Blast Furnace
38:53 Heavy Scorpion
41:52 Ballistics
42:33 Chemistry
41:43 Masonry
41:40 Siege Engineers
42:35 Conscription
42:29 Padded Archer Armor
42:19 Fletching
Lobo
8:25 Feudal Age
8:32 Man-at-Arms
9:00 Loom
9:33 Long Swordsman
15:57 Town Watch
18:14 Pikeman
19:49 Double-Bit Axe
20:18 Arson
21:08 Horse Collar
25:22 Castle Age
24:10 Gold Mining
24:55 Scale Mail Armor
26:30 Wheelbarrow
26:25 Bow Saw
26:33 Squires
26:48 Halberdier
29:34 Chain Mail Armor
32:22 Forging
32:14 Heavy Plow
33:54 Two-Handed Swordsman
37:01 Gambesons
37:50 Champion
40:53 Hand Cart
45:47 Imperial Age
44:02 Ballistics
45:04 Iron Casting
44:40 Stone Mining
45:25 Gold Shaft Mining
46:39 Fereters
47:06 Plate Mail Armor
47:38 Blast Furnace
47:38 Conscription
49:50 Fletching
50:29 Scale Barding Armor
50:47 Cavalier
51:37 Bloodlines
51:28 Husbandry
Connection lost

Rejoining the realm…

Still unreachable

The connection could not be restored.

Session expired

The server has moved on; the page needs a fresh start.